AoeStats
← kkkkkkkkkkkkkkkkk

Black Forest

507291954Analyzed
2v2 RM · 13d ago on Sep 17, 2026· 37m 57s· 4 players
Game mode
Random Map
Map size
Medium (4 player)
Population
200
Speed
Normal
Resources
Standard
Victory
Conquest
Starting age
Dark Age
Ending age
Imperial Age
RankedLock teamsTeams togetherTeam positionsShared explorationLock speedFull tech treeHidden civsTurbo modeCheats
Victory
Defeat
🇳🇱 Franks · Netherlands
875
+17
🇳🇱 Burgundians · Netherlands
866
+19
🇷🇺 Vikings · Russia
905
-18
🇷🇺 Celts · Russia
905
-18
bvh-*****
0:33 Loom
12:21 Feudal Age
17:24 Castle Age
21:23 Double-Bit Axe
37:33 Imperial Age
37:25 Murder Holes
37:51 Ballistics
37:28 Fletching
37:50 Forging
37:54 Treadmill Crane
38:28 Masonry
Lo. 80%
3:12 Loom
9:01 Loom
11:16 Feudal Age
12:31 Wheelbarrow
11:43 Double-Bit Axe
16:58 Castle Age
15:51 Stone Mining
22:47 Bow Saw
24:23 Hand Cart
25:58 Caravan
26:32 Forging
27:04 Husbandry
27:49 Gold Mining
29:50 Scale Barding Armor
30:21 Iron Casting
37:37 Imperial Age
35:49 Gold Shaft Mining
35:41 Padded Archer Armor
35:32 Fletching
37:45 Town Watch
kkkkkkkkkkkkkkkkk
10:41 Feudal Age
19:33 Forging
19:23 Scale Mail Armor
20:47 Man-at-Arms
21:13 Arson
21:37 Horse Collar
22:01 Double-Bit Axe
25:38 Castle Age
24:15 Stone Mining
25:19 Gold Mining
31:03 Iron Casting
30:51 Chain Mail Armor
32:29 Bow Saw
32:59 Gold Shaft Mining
32:29 Heavy Plow
32:42 Loom
p1ton
11:36 Feudal Age
16:15 Castle Age
14:20 Double-Bit Axe
15:26 Gold Mining
15:31 Horse Collar
20:19 Bow Saw
28:41 Pikeman
32:27 Forging
32:17 Scale Mail Armor
32:34 Loom
Connection lost

Rejoining the realm…

Still unreachable

The connection could not be restored.

Session expired

The server has moved on; the page needs a fresh start.